 Dungeon Crawl Stone Soup version 0.24.0-1-gfbc8707122 (webtiles) character file.

Game seed: 7842449313454356568, levelgen mode: deterministic

541528 zkyp the Hoplite (level 26, -31/174 HPs)
             Began as a Gargoyle Hunter on Oct 26, 2019.
             Was an Initiate of Gozag.
             Killed by Lee's Rapid Deconstruction
             ... invoked by a deep troll earth mage
              (45 damage)
             ... on level 3 of the Depths.
             The game lasted 01:28:34 (59987 turns).

zkyp the Hoplite (Gargoyle Hunter)                 Turns: 59987, Time: 01:28:35

Health: -31/174    AC: 57    Str: 28    XL:     26   Next: 0%
Magic:  33/33      EV: 20    Int: 12    God:    Gozag
Gold:   166        SH: 24    Dex: 12    Spells: 25/25 levels left

rFire    + . .     SeeInvis +   a - +10 broad axe "Qiageqaimm" {elec, rPois}
rCold    + + .     Gourm    .   m - +0 large shield
rNeg     + . .     Faith    .   r - +4 chain mail "Wuasoanky" {Slay+2}
rPois    ∞         Spirit   .   U - +3 helmet of Ocverr {-Tele rC++ MR+ Dex+2}
rElec    +         Reflect  .   q - +3 cloak of the Bells {rF+}
rCorr    .         Harm     .   K - +2 pair of gloves {Str+3}
MR       +++++     Clarity  +   S - +2 pair of boots {run} Stlth ..........NoTele +
                                G - necklace of Bloodlust {*Rage +Rage MR++ Int-3 Slay+6 *Curse} (curse)
HPRegen  0.39/turn              D - +5 ring of protection
MPRegen  0.23/turn              j - ring of Qimomaaf {EV+6 SInv}

@: gold aura, flying, quick
A: big wings, claws 1, hooves 1, clarity, deformed body, magic resistance 1,
negative energy resistance 1, electricity resistance, unbreathing, petrification
resistance, rot immunity, AC +20
}: 3/15 runes: decaying, serpentine, silver
a: Stop Flying, Potion Petition, Call Merchant, Bribe Branch, Renounce Religion,
Evoke Berserk Rage


You were on level 3 of the Depths.
You worshipped Gozag.
Gozag was aware of your devotion.
You were full.

You visited 9 branches of the dungeon, and saw 43 of its levels.
You also visited: Trove, Ice Cave and Desolation.

You collected 26247 gold pieces.
You spent 7883 gold pieces at shops.
You paid 18198 gold pieces to Gozag.

Inventory:

Hand Weapons
 a - the +10 broad axe "Qiageqaimm" (weapon) {elec, rPois}
   (You found it in a treasure trove)

   Occasionally, upon striking a foe, it will discharge some electrical energy
   and cause terrible harm.
   It protects you from poison.
 I - a +8 broad axe of freezing
Missiles
 c - 9 javelins (quivered)
 d - 9 throwing nets {=f =F}
 e - 11 curare-tipped darts
Armour
 l - a +0 crystal plate armour
 m - a +0 large shield (worn)
 q - the +3 cloak of the Bells (worn) {rF+}
   (You found it in the Desolation of Salt)

   It protects you from fire.
 r - the +4 chain mail "Wuasoanky" (worn) {Slay+2}
   (You found it in the Desolation of Salt)

   It affects your accuracy and damage with ranged weapons and melee attacks
   (+2).
 K - a +2 pair of gloves of strength (worn)
 L - a +2 cloak of magic resistance
 Q - the +3 hat of Pondering {ponderous, MR+ MP+10 Int+5}
   (You found it on level 5 of the Vaults)

   It affects your intelligence (+5).
   It affects your resistance to hostile enchantments.
   It affects your magic capacity (+10).
 S - a +2 pair of boots of running (worn)
 U - the +3 helmet of Ocverr (worn) {-Tele rC++ MR+ Dex+2}
   (You found it on level 1 of the Lair of Beasts)

   It affects your dexterity (+2).
   It greatly protects you from cold.
   It affects your resistance to hostile enchantments.
   It prevents most forms of teleportation.
Jewellery
 g - an uncursed ring of protection from magic
 j - the ring of Qimomaaf (right hand) {EV+6 SInv}
   (You bought it in a shop on level 12 of the Dungeon)

   [ring of evasion]

   It affects your evasion (+6).
   It lets you see invisible.
 x - an uncursed amulet of the gourmand
 A - the ring "Xaruvok" {Str+7 SInv}
   (You found it in the Desolation of Salt)

   [ring of see invisible]

   It affects your strength (+7).
   It lets you see invisible.
 D - a +5 ring of protection (left hand)
 G - the cursed necklace of Bloodlust (around neck) {*Rage +Rage MR++ Int-3 Slay+6 *Curse}
   (You found it on level 5 of the Vaults)

   [amulet of rage]

   It affects your intelligence (-3).
   It affects your accuracy and damage with ranged weapons and melee attacks
   (+6).
   It affects your resistance to hostile enchantments.
   It lets you go berserk.
   It may make you go berserk in combat.
   It curses itself when equipped.
   It has a curse placed upon it.
Wands
 R - a wand of digging (1)
 T - a wand of scattershot (10)
 V - a wand of clouds (9)
 X - a wand of acid (27)
Scrolls
 h - 9 scrolls of fog
 s - 8 scrolls of enchant armour
 t - 13 scrolls of teleportation
 u - 15 scrolls of remove curse {@r1}
 y - 3 scrolls of fear
 z - 2 scrolls of silence {!r}
 B - 6 scrolls of blinking
 C - 6 scrolls of identify {@r2}
 J - a scroll of torment {!r}
 N - 3 scrolls of magic mapping
 W - 2 scrolls of holy word
Potions
 b - a potion of invisibility
 i - 2 potions of berserk rage {!q}
 n - 2 potions of resistance
 o - 7 potions of agility
 p - 20 potions of curing {@q1}
 v - 6 potions of haste
 E - 6 potions of magic
 M - a potion of might
 P - 4 potions of cancellation
 Y - 2 potions of ambrosia
 Z - a potion of heal wounds
Miscellaneous
 k - a lamp of fire
 F - a phial of floods
 H - 2 boxes of beasts
 O - a phantom mirror
Comestibles
 f - 24 rations


   Skills:
 - Level 20.0 Fighting
 - Level 16.1(18.0) Axes
   Level 15.0(18.1) Maces & Flails
 - Level 3.6 Throwing
 - Level 20.0 Armour
 - Level 11.0 Dodging
 - Level 1.1 Stealth
 + Level 21.6 Shields
 - Level 13.8 Evocations


You had 25 spell levels left.
You didn't know any spells.
Your spell library contained the following spells:

 Spells                   Type           Power        Failure   Level  Hunger
 Animate Skeleton         Necr           N/A          82%         1    ##.....
 Beastly Appendage        Tmut           #.....       82%         1    ##.....
 Confusing Touch          Hex            #.....       82%         1    ##.....
 Corona                   Hex            #......      82%         1    ##.....
 Flame Tongue             Conj/Fire      #....        82%         1    ##.....
 Infusion                 Chrm           #...         82%         1    ##.....
 Magic Dart               Conj           #...         82%         1    ##.....
 Pain                     Necr           #...         82%         1    ##.....
 Shock                    Conj/Air       #...         82%         1    ##.....
 Summon Butterflies       Summ           #.......     82%         1    ##.....
 Call Imp                 Summ           #.......     91%         2    ###....
 Corpse Rot               Necr           N/A          91%         2    ###....
 Ensorcelled Hibernation  Hex/Ice        #.....       91%         2    ###....
 Passwall                 Tmut/Erth      #.......     91%         2    ###....
 Poisonous Vapours        Pois/Air       #.....       91%         2    ###....
 Searing Ray              Conj           #.....       91%         2    ###....
 Shroud of Golubria       Chrm/Tloc      #.....       91%         2    ###....
 Slow                     Hex            #.......     91%         2    ###....
 Song of Slaying          Chrm           #.......     91%         2    ###....
 Sticks to Snakes         Tmut           #.......     91%         2    ###....
 Swiftness                Chrm/Air       #.......     91%         2    ###....
 Throw Flame              Conj/Fire      #.....       91%         2    ###....
 Throw Frost              Conj/Ice       #.....       91%         2    ###....
 Call Canine Familiar     Summ           #.......     99%         3    ####...
 Confuse                  Hex            #.......     99%         3    ####...
 Conjure Flame            Conj/Fire      #.......     99%         3    ####...
 Dazzling Spray           Conj/Hex       #.....       99%         3    ####...
 Gell's Gravitas          Tloc           #.........   99%         3    ####...
 Inner Flame              Hex/Fire       #.......     99%         3    ####...
 Ozocubu's Armour         Chrm/Ice       #.......     99%         3    ####...
 Portal Projectile        Hex/Tloc       #.....       99%         3    ####...
 Recall                   Summ/Tloc      N/A          99%         3    ####...
 Regeneration             Chrm/Necr      #.........   99%         3    ####...
 Spectral Weapon          Hex/Chrm       #.......     99%         3    ####...
 Spider Form              Tmut/Pois      #.........   99%         3    ####...
 Tukima's Dance           Hex            #.......     99%         3    ####...
 Vampiric Draining        Necr           #.........   99%         3    ####...
 Airstrike                Air            #.........   100%        4    #####..
 Animate Dead             Necr           N/A          100%        4    #####..
 Cause Fear               Hex            #.........   100%        4    #####..
 Force Lance              Conj/Tloc      #.......     100%        4    #####..
 Fulminant Prism          Conj/Hex       #.........   100%        4    #####..
 Ice Form                 Ice/Tmut       #.......     100%        4    #####..
 Iskenderun's Mystic Bla  Conj           #.......     100%        4    #####..
 Leda's Liquefaction      Hex/Erth       #.........   100%        4    #####..
 Passage of Golubria      Tloc           N/A          100%        4    #####..
 Petrify                  Tmut/Erth      #.......     100%        4    #####..
 Sticky Flame             Conj/Fire      #.......     100%        4    #####..
 Summon Ice Beast         Ice/Summ       #.......     100%        4    #####..
 Summon Lightning Spire   Summ/Air       #.......     100%        4    #####..
 Agony                    Necr           #.......     100%        5    ######.
 Alistair's Intoxication  Tmut/Pois      #.......     100%        5    ######.
 Aura of Abjuration       Summ           #.........   100%        5    ######.
 Blade Hands              Tmut           #.........   100%        5    ######.
 Bolt of Draining         Conj/Necr      #.........   100%        5    ######.
 Bolt of Magma            Conj/Fire/Erth #.........   100%        5    ######.
 Borgnjor's Vile Clutch   Necr/Erth      #.........   100%        5    ######.
 Dispel Undead            Necr           #.......     100%        5    ######.
 Excruciating Wounds      Chrm/Necr      #.........   100%        5    ######.
 Fireball                 Conj/Fire      #.........   100%        5    ######.
 Irradiate                Conj/Tmut      #.........   100%        5    ######.
 Iskenderun's Battlesphe  Conj/Chrm      #.......     100%        5    ######.
 Lee's Rapid Deconstruct  Erth           #.........   100%        5    ######.
 Metabolic Englaciation   Hex/Ice        #.........   100%        5    ######.
 Silence                  Hex/Air        #.........   100%        5    ######.
 Summon Mana Viper        Hex/Summ       #.......     100%        5    ######.
 Venom Bolt               Conj/Pois      #.........   100%        5    ######.
 Yara's Violent Unravell  Hex/Tmut       #.........   100%        5    ######.
 Bolt of Fire             Conj/Fire      #.........   100%        6    #######
 Conjure Ball Lightning   Conj/Air       #.........   100%        6    #######
 Darkness                 Hex            #.........   100%        6    #######
 Death Channel            Necr           #.........   100%        6    #######
 Deflect Missiles         Chrm/Air       #.........   100%        6    #######
 Dispersal                Tloc           #.........   100%        6    #######
 Freezing Cloud           Conj/Ice/Air   #.........   100%        6    #######
 Hydra Form               Tmut           #.........   100%        6    #######
 Invisibility             Hex            #.......     100%        6    #######
 Iron Shot                Conj/Erth      #.........   100%        6    #######
 Simulacrum               Ice/Necr       #.........   100%        6    #######
 Dragon Form              Tmut           #.........   100%        7    #######
 Haunt                    Necr/Summ      #.........   100%        7    #######
 Orb of Destruction       Conj           #.........   100%        7    #######
 Spellforged Servitor     Conj/Summ      #.........   100%        7    #######
 Summon Hydra             Summ           #.........   100%        7    #######
 Borgnjor's Revivificati  Necr           #.........   100%        8    #######
 Controlled Blink         Tloc           N/A          100%        8    #######
 Death's Door             Chrm/Necr      #.........   100%        8    #######
 Discord                  Hex            #.........   100%        8    #######
 Disjunction              Tloc           #.........   100%        8    #######
 Infestation              Necr           #.........   100%        8    #######
 Necromutation            Tmut/Necr      #.........   100%        8    #######
 Dragon's Call            Summ           #.........   100%        9    #######
 Tornado                  Air            #.........   100%        9    #######
 Sublimation of Blood     Necr           Unusable     N/A         2    N/A
 Statue Form              Tmut/Erth      Unusable     N/A         6    N/A

Dungeon Overview and Level Annotations

Branches:
Dungeon (15/15)            Temple (1/1) D:4            Lair (6/6) D:11
  Swamp (4/4) Lair:4        Snake (4/4) Lair:4        Slime (0/5) Lair:6
    Orc (2/2) D:12            Elf (3/3) Orc:2        Vaults (5/5) D:13
  Crypt (0/3) Vaults:2     Depths (3/5) D:15          IceCv (visited)
Desolation (visited)

Altars:
Ashenzari
Cheibriados
Dithmenos
Fedhas
Gozag
Hepliaklqana
Makhleb
Nemelex Xobeh
Okawaru
Ru
Sif Muna
Trog
Uskayaw
Vehumet
Wu Jian
Yredelemnul
Zin
The Shining One
Beogh

Shops:
D:6 [   D:9 !   D:12 [=!!((=   D:14 [   D:15 [*[   Orc:2 (%%(   Elf:3 }=}
Lair:4 [   Snake:4 =}   Vaults:3 (   Vaults:4 *   Depths:1 }   Depths:2 *

Portals:
Hell: Depths:1 Depths:2 Depths:3

Annotations:
D:11 1 runed translucent door
Lair:4 exclusion: oklob plant
Swamp:1 1 runed translucent door


Innate Abilities, Weirdness & Mutations

You are resistant to torment.
Your stone body is resilient. (AC +20)
You are immune to poison.
Your large and strong wings let you fly indefinitely.
You resist negative energy. (rN+)
You are resistant to electric shocks. (rElec)
You can survive without breathing.
You are immune to petrification.
You are immune to rotting.
You have sharp fingernails.
You have large cloven feet.
You possess an exceptional clarity of mind.
Armour fits poorly on your strangely shaped body.
You are resistant to hostile enchantments. (MR+)


Message History

Something smites you!
* * * LOW HITPOINT WARNING * * *
You slash the sphinx! Lightning courses through the sphinx!
You kill the sphinx!
You have reached level 26!
You slash the storm dragon simulacrum!
Lightning courses through the storm dragon simulacrum!
The storm dragon simulacrum vapourises!
You slash the spriggan air mage!
The spriggan air mage is no longer distracted by gold.
You block the spriggan air mage's attack.
You are no longer corroded.
The fire giant zombie is no longer distracted by gold.
The deep elf high priest calls down the wrath of its god upon you.
Something smites you!
* * * LOW HITPOINT WARNING * * *
The deep troll earth mage gestures at you while chanting.
You shatter!!!
You die...
Your body crumbles into a pile of gold.

#...# #...# . ##...#
.. #...## ... ##...#
#... ##(..(# #..Z $
$###....##
#Z.e#########......#
#.Z$X.@.....(....##
##.T$..#..)....###
##Ti.......####
###########


You could see a tentacled monstrosity, a deep troll, a deep elf high priest, a
spriggan air mage, a deep troll earth mage, a fire giant zombie and a titan
zombie.

Vanquished Creatures
  3 juggernauts
  Sojobo (Depths:2)
  Bai Suzhen (Snake:4)
  2 golden dragons (Vaults:5)
  3 liches
  The ghost of Zeph the Severer, an adept NaFi of Cheibriados (Depths:1)
  A tentacled monstrosity (Vaults:5)
  6 titans
  4 deep elf blademasters (Elf:2)
  3 quicksilver dragons
  Gastronok (D:8)
  6 sphinxes
  Kirke (Swamp:2)
  Donald (Swamp:1)
  3 thorn hunters (Swamp:4)
  4 shadow dragons
  A storm dragon (Vaults:5)
  An azure jelly (shapeshifter) (Vaults:5)
  11 tengu reavers
  Roxanne (Snake:1)
  13 nagarajas
  8 fire giants
  9 frost giants
  13 vault wardens
  An iron dragon (Vaults:4)
  6 deep elf sorcerers
  5 imperial myrmidons (Desolation)
  Aizul (Snake:4)
  A ghoul (Vaults:2)
  4 deep elf elementalists
  A curse skull (Vaults:2)
  A juggernaut zombie (Depths:3)
  12 stone giants
  16 ironheart preservers
  2 entropy weavers
  10 very ugly things
  A vampire knight (Depths:2)
  A halazid warlock (Desolation)
  8 deep elf demonologists
  A dire elephant (Lair:3)
  7 deep elf annihilators
  A spark wasp (Depths:2)
  14 ettins
  6 deep elf death magi (Elf:3)
  2 crystal guardians
  An eidolon (Vaults:2)
  Snorg (D:10)
  9 yaktaur captains
  2 deep elf high priests
  10 fire dragons
  Josephine (Swamp:1)
  5 servants of whispers (Desolation)
  27 vault guards
  13 great orbs of eyes
  16 naga warriors
  2 rakshasas
  8 ragged hierophants (Desolation)
  30 hydras
  Harold (D:9)
  A ghost crab (Swamp:2)
  6 peacekeepers (Desolation)
  5 spriggan air magi
  Erica (Lair:1)
  2 shambling mangroves (Swamp:4)
  4 ice dragons
  24 anacondas
  10 alligators
  2 tengu warriors
  5 centaur warriors
  13 ogre magi
  26 two-headed ogres
  6 deep troll shamans
  3 vampire magi
  7 deep troll earth magi
  5 shock serpents
  10 naga sharpshooters
  3 spriggan berserkers
  4 orc high priests
  A hell knight (D:15)
  29 deep elf knights
  Nergalle (D:11)
  Sonja (D:11)
  An iron troll (Depths:1)
  A shadow wraith (Vaults:1)
  4 salamander mystics
  A sea snake (shapeshifter) (Vaults:5)
  19 skeletal warriors
  21 deep trolls
  A storm dragon skeleton (Vaults:3)
  A glowing orange brain (shapeshifter) (Vaults:3)
  2 spriggan druids
  3 unseen horrors
  A death drake (shapeshifter) (Elf:1)
  10 swamp dragons
  4 wizards
  2 glowing orange brains
  14 deep elf archers
  A flayed ghost (Depths:2)
  A swamp dragon (shapeshifter) (Vaults:3)
  2 phantasmal warriors (Vaults:5)
  21 ironbrand convokers
  A lindwurm (Lair:3)
  21 orc knights
  38 ugly things
  15 harpies
  An orb spider (shapeshifter) (Vaults:4)
  6 mana vipers
  A harpy (shapeshifter) (Vaults:4)
  6 necromancers
  8 naga ritualists
  6 orc sorcerers
  2 wolf spiders (Vaults:4)
  56 deep elf magi
  An oklob plant (Orc:1)
  A manticore (D:13)
  6 cyclopes
  A tengu skeleton (Vaults:3)
  2 frost giant zombies (Depths:1)
  An elephant (shapeshifter) (Vaults:2)
  16 guardian serpents
  9 salamanders
  A fire giant skeleton (Vaults:3)
  A frost giant skeleton (Depths:1)
  Psyche (D:12)
  An ice statue (IceCv)
  2 centaur zombies
  A faun (shapeshifter) (Vaults:4)
  36 black mambas
  3 gargoyles
  A stone giant skeleton (Depths:1)
  18 vault sentinels
  24 naga magi
  34 spiny frogs
  A molten gargoyle (Desolation)
  2 human zombies (Vaults:2)
  27 yaktaurs
  2 redback zombies (D:15)
  2 storm dragon simulacra
  A kobold demonologist (D:13)
  10 komodo dragons
  3 rime drakes
  A rime drake (shapeshifter) (Vaults:1)
  18 freezing wraiths
  A merfolk (shapeshifter) (Elf:1)
  2 meliai (D:12)
  A meliai (shapeshifter) (Vaults:5)
  11 tyrant leeches
  7 trolls
  4 polar bears
  35 slime creatures
  A jumping spider (shapeshifter) (Depths:2)
  23 hornets
  8 bog bodies
  2 blink frogs (shapeshifter)
  A raiju (shapeshifter) (D:12)
  30 blink frogs
  A fire giant simulacrum (Vaults:3)
  15 hippogriffs
  37 saltlings (Desolation)
  15 spriggans
  3 shadows
  A water elemental (Elf:1)
  6 wyverns
  2 redbacks (Vaults:4)
  3 air elementals
  A tarantella (Vaults:1)
  Eustachio (D:4)
  6 wraiths
  17 yaks
  Grum (D:8)
  A basilisk (Lair:5)
  6 fire elementals
  A basilisk (shapeshifter) (Vaults:5)
  A steam dragon (D:13)
  4 hungry ghosts
  14 swamp worms
  28 vampire mosquitoes
  55 nagas
  9 insubstantial wisps (Swamp:3)
  Edmund (D:5)
  6 wargs
  23 swamp drakes
  6 water moccasins
  2 floating eyes (Elf:1)
  4 black bears
  7 porcupines
  A sky beast (D:12)
  9 ice beasts
  A hornet zombie (D:13)
  An alligator simulacrum (IceCv)
  An eye of draining (D:14)
  38 orc warriors
  38 ogres
  10 centaurs
  4 phantoms
  7 boggarts
  20 wolves
  11 crocodiles
  5 big kobolds
  34 bullfrogs
  A wyvern zombie (D:13)
  A yaktaur skeleton (Depths:1)
  3 earth elementals
  2 wyvern skeletons
  10 scorpions
  15 killer bees
  7 howler monkeys
  5 electric eels
  9 crimson imps
  4 draconian simulacra (IceCv)
  3 bullfrog skeletons
  A bullfrog zombie (D:13)
  35 orc wizards
  5 hounds
  16 jellies
  20 orc priests
  A gnoll shaman (D:5)
  3 centaur skeletons
  6 iguanas
  An iguana (shapeshifter) (Vaults:2)
  Jessica (D:2)
  3 troll simulacra (IceCv)
  17 worker ants
  2 spriggan simulacra (IceCv)
  2 polar bear simulacra (IceCv)
  A wolf simulacrum (IceCv)
  2 hound skeletons (D:4)
  A howler monkey zombie (D:10)
  A worker ant zombie (D:8)
  14 adders
  4 ogre simulacra (IceCv)
  A river rat (Lair:1)
  10 gnolls
  7 naga simulacra (IceCv)
  6 shadow imps
  24 white imps
  An ufetubus (Vaults:1)
  4 oozes
  An adder skeleton (D:9)
  2 worms
  A worm (shapeshifter) (Vaults:5)
  3 dart slugs
  5 leopard geckos
  101 orcs
  6 bats
  7 giant cockroaches
  7 goblins
  4 hobgoblins
  4 jackals (D:1)
  9 quokkas
  4 ball pythons
  5 frilled lizards
  28 kobolds
  9 rats
  6 fungi
  A pillar of salt (Elf:2)
  8 plants
2035 creatures vanquished.

Vanquished Creatures (others)
  2 deep elf master archers (Elf:3)
  A very ugly thing (Depths:2)
  Nessos (Lair:4)
  A deep elf annihilator (Elf:3)
  A fire dragon (Depths:2)
  A deep elf high priest (Elf:3)
  2 yaktaur captains (Vaults:5)
  30 dancing weapons
  A naga sharpshooter (Snake:1)
  3 deep elf archers (Elf:1)
  2 deep elf magi
  A cyclops (Vaults:2)
  A naga mage (D:13)
  5 yaktaurs
  A hornet (Vaults:5)
  2 saltlings (Desolation)
  3 air elementals
  A spriggan (Swamp:4)
  A water moccasin (Lair:1)
  3 centaurs
  A howler monkey (D:13)
  An orc wizard (D:13)
  2 orcs
  A ball python (Snake:1)
  4 briar patches (Swamp:4)
  34 fungi
  11 pillars of salt (Elf:2)
  30 plants
  7 toadstools (Lair:3)
154 creatures vanquished.

Grand Total: 2189 creatures vanquished

Notes
Turn   | Place    | Note
-------+----------+-------------------------------------------
     0 | D:1      | zkyp the Gargoyle Hunter began the quest for the Orb.
     0 | D:1      | Reached XP level 1. HP: 12/12 MP: 1/1
   350 | D:1      | Reached XP level 2. HP: 18/18 MP: 2/2
   845 | D:1      | Reached skill level 1 in Axes
   847 | D:1      | Reached XP level 3. HP: 21/23 MP: 3/3
  1351 | D:2      | Noticed Jessica
  1380 | D:2      | Killed Jessica
  1380 | D:2      | Reached XP level 4. HP: 18/28 MP: 4/4
  1930 | D:2      | Found a sacrificial altar of Ru.
  1930 | D:2      | Found an opulent altar of Gozag.
  1931 | D:2      | Found a blossoming altar of Fedhas.
  1959 | D:2      | Became a worshipper of Gozag Ym Sagoz the Greedy
  2134 | D:2      | Found a shadowy altar of Dithmenos.
  2134 | D:2      | Found an ornate altar of the Wu Jian Council.
  2135 | D:2      | Found a sparkling altar of Nemelex Xobeh.
  2153 | D:2      | Found an iron altar of Okawaru.
  2780 | D:3      | Reached XP level 5. HP: 31/32 MP: 5/5
  3229 | D:3      | Found a shimmering blue altar of Sif Muna.
  3349 | D:4      | Reached skill level 1 in Shields
  3349 | D:4      | Reached XP level 6. HP: 26/37 MP: 6/6
  3495 | D:4      | Reached skill level 2 in Shields
  3524 | D:4      | Found a staircase to the Ecumenical Temple.
  3767 | D:4      | Noticed Eustachio
  3787 | D:4      | Killed Eustachio
  3787 | D:4      | Reached skill level 5 in Axes
  3787 | D:4      | Reached skill level 3 in Shields
  3787 | D:4      | Reached XP level 7. HP: 22/41 MP: 7/7
  3985 | D:4      | Reached skill level 4 in Shields
  4332 | D:5      | Entered Level 5 of the Dungeon
  4456 | Temple   | Entered the Ecumenical Temple
  4949 | D:5      | Noticed Edmund
  4955 | D:5      | Reached skill level 5 in Shields
  4970 | D:5      | Killed Edmund
  4970 | D:5      | Reached XP level 8. HP: 37/46 MP: 8/8
  5710 | D:6      | Reached skill level 6 in Shields
  6305 | D:6      | Reached skill level 7 in Shields
  6708 | D:6      | Reached XP level 9. HP: 51/51 MP: 9/9
  6864 | D:6      | Reached skill level 1 in Armour
  6933 | D:6      | Found Qonueh's Armour Boutique.
  7054 | D:6      | Bought a +1 pair of gloves of strength for 214 gold pieces
  7054 | D:6      | Bought a +2 cloak of magic resistance for 279 gold pieces
  7439 | D:7      | Reached skill level 5 in Fighting
  8019 | D:8      | Reached skill level 5 in Armour
  8125 | D:8      | Noticed Grum
  8154 | D:7      | Reached XP level 10. HP: 33/63 MP: 10/10
  8313 | D:8      | Killed Grum
  8403 | D:8      | Noticed Gastronok
  8458 | D:8      | Killed Gastronok
  8773 | D:8      | Found a snail-covered altar of Cheibriados.
  9135 | D:9      | Noticed Harold
  9164 | D:9      | Reached XP level 11. HP: 50/72 MP: 11/11
  9166 | D:9      | Killed Harold
  9517 | D:9      | Found Kymuv's Distillery.
  9527 | D:9      | Bought a potion of might for 52 gold pieces
  9527 | D:9      | Bought a potion of haste for 130 gold pieces
  9527 | D:9      | Bought a potion of heal wounds for 65 gold pieces
  9527 | D:9      | Bought a potion of lignification for 39 gold pieces
  9527 | D:9      | Bought a potion of mutation for 104 gold pieces
  9527 | D:9      | Gained mutation: You tend to lose your temper in combat.
                  | [potion of mutation]
  9527 | D:9      | Gained mutation: You are clumsy. (Dex -2) [potion of
                  | mutation]
  9527 | D:9      | Gained mutation: You have a pair of small horns on your
                  | head. [potion of mutation]
  9527 | D:9      | Gained mutation: You have sharp fingernails. [potion of
                  | mutation]
  9528 | D:9      | Lost mutation: You have a pair of small horns on your head.
                  | [potion of mutation]
  9528 | D:9      | Lost mutation: You tend to lose your temper in combat.
                  | [potion of mutation]
  9528 | D:9      | Gained mutation: You are surrounded by a mild repulsion
                  | field. (EV +2) [potion of mutation]
  9528 | D:9      | Gained mutation: Your spells are a little harder to cast,
                  | but a little more powerful. [potion of mutation]
  9529 | D:9      | Lost mutation: Your spells are a little harder to cast, but
                  | a little more powerful. [potion of mutation]
  9529 | D:9      | Lost mutation: You are surrounded by a mild repulsion
                  | field. (EV +2) [potion of mutation]
  9529 | D:9      | Lost mutation: You are clumsy. (Dex -2) [potion of
                  | mutation]
  9529 | D:9      | Gained mutation: You have a pair of small antennae on your
                  | head. [potion of mutation]
  9529 | D:9      | Gained mutation: Your spells are a little harder to cast,
                  | but a little more powerful. [potion of mutation]
  9562 | D:9      | Found a burning altar of Makhleb.
  9753 | D:9      | Reached skill level 5 in Dodging
  9981 | D:10     | Entered Level 10 of the Dungeon
 10366 | D:10     | Noticed Snorg
 10397 | D:10     | Killed Snorg
 11130 | D:11     | Noticed a two-headed ogre
 11147 | D:11     | Killed a two-headed ogre
 11147 | D:11     | Reached skill level 10 in Axes
 11167 | D:11     | Noticed Sonja
 11387 | D:11     | Found an opulent altar of Gozag.
 11403 | D:11     | Reached XP level 12. HP: 74/77 MP: 12/12
 11548 | D:11     | Found a glowing silver altar of Zin.
 11549 | D:11     | Found a runed translucent door.
 11549 | D:11     | Noticed an angel
 11567 | D:11     | Killed Sonja
 11740 | D:11     | Noticed Nergalle
 11769 | D:11     | Killed Nergalle
 12099 | D:11     | Found a staircase to the Lair.
 12765 | Lair:1   | Entered Level 1 of the Lair of Beasts
 12770 | Lair:1   | Noticed Erica
 12785 | Lair:1   | Killed Erica
 12839 | Lair:1   | Got a translucent helmet
 12889 | Lair:1   | Noticed an eight-headed hydra
 12903 | Lair:1   | Killed an eight-headed hydra
 14182 | Lair:2   | Noticed a seven-headed hydra
 14204 | Lair:2   | Killed a seven-headed hydra
 14915 | Lair:2   | Reached XP level 13. HP: 81/81 MP: 13/13
 14999 | Lair:2   | Got a transparent mace
 15664 | Lair:3   | Found a frozen archway.
 15731 | IceCv    | Entered an ice cave
 16424 | IceCv    | Found an ancient bone altar of Kikubaaqudgha.
 16452 | IceCv    | Reached skill level 8 in Shields
 17237 | IceCv    | Identified the +6 mace of the Demagogue {antimagic, Int+7
                  | Stlth+} (You found it on level 2 of the Lair of Beasts)
 17455 | Lair:3   | Reached skill level 9 in Shields
 17576 | Lair:3   | Got a sparkling wooden ring
 17579 | Lair:3   | Identified the cursed ring of Moral Flaws {Str-2 SInv} (You
                  | found it on level 3 of the Lair of Beasts)
 17826 | Lair:3   | Noticed a dire elephant
 17846 | Lair:3   | Found a runed translucent door.
 18236 | Lair:3   | Killed a dire elephant
 18755 | Lair:4   | Noticed Nessos
 18762 | Lair:4   | Killed Nessos
 18762 | Lair:4   | Reached skill level 10 in Shields
 19006 | Lair:4   | Found a staircase to the Snake Pit.
 19432 | Lair:4   | Reached skill level 11 in Shields
 20444 | Lair:4   | Reached skill level 12 in Shields
 20444 | Lair:4   | Gained mutation: Your large and strong wings let you fly
                  | indefinitely. [Gargoyle growth]
 20444 | Lair:4   | Reached XP level 14. HP: 71/87 MP: 4/14
 20686 | Lair:4   | Found a staircase to the Swamp.
 21388 | Lair:5   | Reached skill level 13 in Shields
 21926 | Lair:5   | Reached skill level 14 in Shields
 21926 | Lair:5   | Reached XP level 15. HP: 91/92 MP: 15/15
 22149 | Lair:6   | Entered Level 6 of the Lair of Beasts
 22222 | Lair:6   | Reached skill level 15 in Shields
 22555 | Lair:6   | Reached skill level 10 in Fighting
 23020 | Lair:6   | Got a heavily runed ring mail
 23103 | Lair:6   | Reached skill level 10 in Armour
 23138 | Lair:6   | Got a polished eveningstar
 23189 | Lair:6   | Identified the +5 eveningstar of Subterfuge {freeze, +Blink
                  | rC+ Int-2 Dex+7} (You found it on level 6 of the Lair of
                  | Beasts)
 23196 | Lair:6   | Got a jewelled chain mail
 23214 | Lair:6   | Identified the +7 chain mail "Jouvvis" {rC- rCorr Str+4
                  | Stlth+} (You found it on level 6 of the Lair of Beasts)
 23294 | Lair:6   | Found a staircase to the Slime Pits.
 24349 | D:12     | Noticed Psyche
 24359 | D:12     | Killed Psyche
 24745 | D:12     | Found a staircase to the Orcish Mines.
 24754 | D:12     | Identified the +3 helmet of Ocverr {-Tele rC++ MR+ Dex+2}
                  | (You found it on level 1 of the Lair of Beasts)
 25117 | Orc:1    | Entered Level 1 of the Orcish Mines
 25136 | Orc:1    | Reached XP level 16. HP: 96/101 MP: 16/16
 25253 | Orc:2    | Entered Level 2 of the Orcish Mines
 25266 | Orc:2    | Found a staircase to the Elven Halls.
 25632 | Orc:2    | Found Xeur's Antique Weapon Shop.
 25939 | Orc:2    | Found Arhos's Food Shop.
 25939 | Orc:2    | Found Feyquavu's Weapon Shoppe.
 25942 | Orc:2    | Found Velean Miyhe's Food Shop.
 25942 | Orc:2    | Found Tuepn's Food Shoppe.
 25958 | Orc:2    | Bought a ration for 55 gold pieces
 25958 | Orc:2    | Bought a ration for 55 gold pieces
 25958 | Orc:2    | Bought a ration for 55 gold pieces
 25958 | Orc:2    | Bought a ration for 55 gold pieces
 25958 | Orc:2    | Bought a ration for 55 gold pieces
 25958 | Orc:2    | Bought a ration for 55 gold pieces
 25958 | Orc:2    | Bought a ration for 55 gold pieces
 25958 | Orc:2    | Bought a ration for 55 gold pieces
 25958 | Orc:2    | Bought a ration for 55 gold pieces
 25958 | Orc:2    | Bought a ration for 55 gold pieces
 26662 | Orc:1    | Found a roughly hewn altar of Beogh.
 27328 | D:12     | Bought the ring of Qimomaaf {EV+6 SInv} for 1427 gold
                  | pieces
 27451 | D:13     | You are sucked into a shaft and drop 1 floor!
 27763 | D:14     | Found a shattered altar of Ashenzari.
 27956 | D:13     | Found a shimmering blue altar of Sif Muna.
 28026 | D:13     | Identified Uckaok's Papyrus of Enchanting Augmentations
 28048 | D:13     | Identified Pompiol's Disquisition on the Vitriolic
                  | Frostbite
 28406 | D:13     | Got a smelly plate armour
 28417 | D:13     | Identified the +0 plate armour of the Orb Guardian
                  | {*Corrode MR++} (You found it on level 13 of the Dungeon)
 28504 | D:13     | Identified the Volume of Feathers and Transmigration
 28506 | D:13     | Identified the Collected Works on the Flying Volcanoes
 28879 | D:13     | Found a gate to the Vaults.
 29438 | D:14     | Found Wewke's Antique Armour Shop.
 29679 | D:15     | Entered Level 15 of the Dungeon
 29687 | D:15     | Found a portal to a secret trove of treasure.
 29843 | D:15     | Found a staircase to the Depths.
 30094 | D:15     | Reached XP level 17. HP: 111/112 MP: 17/17
 30821 | Depths:1 | Entered Level 1 of the Depths
 30833 | D:15     | Reached skill level 15 in Fighting
 30969 | Depths:1 | Found Buaddipu's Gadget Boutique.
 30995 | D:15     | Bought a sparkling glass ring for 150 gold pieces
 30996 | D:15     | Identified the cursed ring "Cikhui Cacant" {AC-3 Str+2
                  | Dex+5 Stlth+} (You bought it in a shop on level 15 of the
                  | Dungeon)
 31209 | Snake:1  | Entered Level 1 of the Snake Pit
 31436 | Snake:1  | Reached skill level 15 in Armour
 31471 | Snake:1  | Noticed Roxanne
 31610 | Snake:1  | Killed Roxanne
 32461 | Snake:2  | Reached skill level 1 in Maces & Flails
 32717 | Snake:2  | Reached skill level 5 in Maces & Flails
 33582 | Snake:3  | Reached XP level 18. HP: 120/120 MP: 18/18
 33817 | Snake:3  | Lost mutation: Your spells are a little harder to cast, but
                  | a little more powerful. [potion of mutation]
 33817 | Snake:3  | Lost mutation: You have a pair of small antennae on your
                  | head. [potion of mutation]
 33817 | Snake:3  | Gained mutation: Your body sometimes deteriorates upon
                  | taking damage. [potion of mutation]
 33817 | Snake:3  | Gained mutation: You are clumsy. (Dex -2) [potion of
                  | mutation]
 33817 | Snake:3  | Gained mutation: Scrolls take you a little longer to read.
                  | [potion of mutation]
 33817 | Snake:3  | Lost mutation: You are clumsy. (Dex -2) [potion of
                  | mutation]
 34275 | Snake:4  | Entered Level 4 of the Snake Pit
 34278 | Snake:4  | Found Gunwisos's Jewellery Emporium.
 34363 | Snake:4  | Found Saisuc's Gadget Shoppe.
 34433 | Snake:4  | Reached skill level 10 in Maces & Flails
 34449 | Snake:4  | Noticed Bai Suzhen
 34471 | Snake:4  | Killed Bai Suzhen
 34857 | Snake:4  | Reached skill level 1 in Evocations
 34915 | Snake:4  | Noticed Aizul
 34934 | Snake:4  | Killed Aizul
 34936 | Snake:4  | Reached skill level 5 in Evocations
 35294 | Snake:4  | Reached XP level 19. HP: 116/125 MP: 24/24
 35747 | Snake:4  | Got a serpentine rune of Zot
 35996 | Swamp:1  | Entered Level 1 of the Swamp
 36554 | Swamp:1  | Noticed Donald
 36613 | Swamp:1  | Killed Donald
 36613 | Swamp:1  | Reached skill level 10 in Evocations
 36861 | Swamp:1  | Noticed Josephine
 36907 | Swamp:1  | Killed Josephine
 37175 | Swamp:1  | Found a runed translucent door.
 37721 | Swamp:2  | Noticed Kirke
 37737 | Swamp:2  | Killed Kirke
 37817 | Swamp:2  | Lost mutation: Scrolls take you a little longer to read.
                  | [potion of mutation]
 37817 | Swamp:2  | Lost mutation: Your body sometimes deteriorates upon taking
                  | damage. [potion of mutation]
 37817 | Swamp:2  | Lost mutation: You have sharp fingernails. [potion of
                  | mutation]
 37817 | Swamp:2  | Gained mutation: Scrolls take you a little longer to read.
                  | [potion of mutation]
 37817 | Swamp:2  | Gained mutation: Armour fits poorly on your strangely
                  | shaped body. [potion of mutation]
 37817 | Swamp:2  | Gained mutation: You are agile. (Dex +2) [potion of
                  | mutation]
 39042 | Swamp:4  | Entered Level 4 of the Swamp
 39235 | Swamp:4  | Reached XP level 20. HP: 62/131 MP: 29/29
 39824 | Swamp:4  | Got a crude diamond amulet
 39880 | Swamp:4  | Got a decaying rune of Zot
 40066 | Swamp:4  | Identified the amulet of Jythecse {Faith *Drain rPois rF+}
                  | (You found it on level 4 of the Swamp)
 40344 | Vaults:1 | Entered Level 1 of the Vaults
 42400 | Vaults:2 | Reached skill level 15 in Maces & Flails
 42550 | Vaults:2 | Found a staircase to the Crypt.
 43015 | Vaults:2 | Reached XP level 21. HP: 130/136 MP: 31/31
 43891 | Vaults:2 | You are sucked into a shaft and drop 2 floors!
 44787 | Vaults:3 | Reached skill level 10 in Dodging
 44865 | Vaults:3 | Found Ybyopp's Antique Weapon Emporium.
 46165 | Vaults:4 | Got a pair of steaming boots
 46171 | Vaults:4 | Identified the cursed +0 pair of boots of Pleasant Breezes
                  | {-Cast rPois Dex+2} (You found it on level 4 of the Vaults)
 46622 | Vaults:4 | Found Titzeitt's Assorted Antiques.
 46630 | Vaults:4 | Bought a scroll of enchant weapon for 375 gold pieces
 46630 | Vaults:4 | Bought a scroll of silence for 375 gold pieces
 46664 | Vaults:4 | Reached XP level 22. HP: 135/142 MP: 32/32
 47534 | Elf:1    | Entered Level 1 of the Elven Halls
 48289 | Elf:1    | Reached skill level 16 in Shields
 48567 | Elf:1    | Paralysed by a floating eye for 3 turns
 48789 | Elf:2    | Found a ruined gateway.
 48833 | Desolati | Entered the Desolation of Salt
 48888 | Desolati | Got an encrusted great sword
 48893 | Desolati | Got a faintly glowing cloak
 48898 | Desolati | Identified the Volume of the Barnacle
 48901 | Desolati | Got a sparkling amethyst amulet
 48915 | Desolati | Identified the +3 cloak of the Bells {rF+} (You found it in
                  | the Desolation of Salt)
 48930 | Desolati | Identified Hestrat's Collected Works on Weightlessness
 49386 | Desolati | Got a slimy granite ring
 49388 | Desolati | Got a scorched amber ring
 49391 | Desolati | Identified the ring "Etofeamu" {MP+9 AC+2} (You found it in
                  | the Desolation of Salt)
 49393 | Desolati | Identified the ring "Xaruvok" {Str+7 SInv} (You found it in
                  | the Desolation of Salt)
 49398 | Desolati | Identified the amulet "Vocah" {Spirit Str+2} (You found it
                  | in the Desolation of Salt)
 49405 | Desolati | Got a heavily runed plate armour
 49419 | Desolati | Identified the +1 plate armour "Nuju" {Int+4 Dex+2 Stlth+}
                  | (You found it in the Desolation of Salt)
 49970 | Desolati | Got an encrusted chain mail
 49987 | Desolati | Got a spiked chain mail
 50006 | Desolati | Got a brightly glowing flail
 50350 | Elf:2    | Identified the +4 chain mail "Wuasoanky" {Slay+2} (You
                  | found it in the Desolation of Salt)
 50591 | Elf:2    | Got a scorched ring mail
 50678 | Elf:2    | Found a runed translucent gate.
 50678 | Elf:2    | Found a runed translucent gate.
 50678 | Elf:2    | Found a runed translucent gate.
 50818 | Elf:2    | Reached XP level 23. HP: 116/150 MP: 33/33
 50978 | Elf:2    | Reached skill level 17 in Shields
 51247 | Elf:3    | Entered Level 3 of the Elven Halls
 51866 | Elf:3    | Found Tairinegh's Gadget Shoppe.
 51866 | Elf:3    | Found Wuheil's Jewellery Boutique.
 51867 | Elf:3    | Found Tyow's Gadget Shoppe.
 51881 | Elf:3    | Bought a box of beasts for 360 gold pieces
 51881 | Elf:3    | Bought a box of beasts for 360 gold pieces
 52770 | Elf:3    | Found the +8 longbow "Zephyr" {speed, Dex+3 SInv}
 52776 | Elf:3    | Identified the ring of Xom's Righteous Anger {Ice *Contam
                  | rPois Int+5}
 53050 | Elf:3    | Got a slimy great sword
 53053 | Elf:3    | Got a transparent leather armour
 53075 | Elf:3    | Got a faintly glowing flail
 53077 | Elf:3    | Identified the Papyrus of the Swan
 53086 | Elf:3    | Got a twisted whip
 53118 | Elf:3    | Got a slimy granite ring
 53121 | Elf:3    | Identified the ring of Soahu {rC+ Int+5 Dex-4 SInv} (You
                  | found it on level 3 of the Elven Halls)
 53139 | Elf:3    | Got a pitted hunting sling
 53158 | Elf:3    | Got a faintly glowing garnet amulet
 53207 | Elf:3    | Identified the amulet "Useuhyfoi" {Gourm rElec} (You found
                  | it on level 3 of the Elven Halls)
 53404 | D:12     | Bought a potion of agility for 60 gold pieces
 53404 | D:12     | Bought a potion of might for 60 gold pieces
 53404 | D:12     | Bought a potion of heal wounds for 75 gold pieces
 53406 | D:12     | Bought a potion of haste for 180 gold pieces
 53406 | D:12     | Bought a potion of agility for 72 gold pieces
 53406 | D:12     | Bought 2 potions of haste for 360 gold pieces
 53406 | D:12     | Bought a potion of mutation for 144 gold pieces
 53406 | D:12     | Bought a potion of agility for 72 gold pieces
 53409 | D:12     | Lost mutation: Scrolls take you a little longer to read.
                  | [potion of mutation]
 53409 | D:12     | Lost mutation: You are agile. (Dex +2) [potion of mutation]
 53409 | D:12     | Gained mutation: You are resistant to hostile enchantments.
                  | (MR+) [potion of mutation]
 53409 | D:12     | Gained mutation: You possess an exceptional clarity of
                  | mind. [potion of mutation]
 53409 | D:12     | Gained mutation: You have sharp fingernails. [potion of
                  | mutation]
 53409 | D:12     | Gained mutation: You have large cloven feet. [potion of
                  | mutation]
 53586 | Vaults:5 | Entered Level 5 of the Vaults
 53586 | Vaults:5 | Noticed a golden dragon
 54053 | Vaults:4 | Reached skill level 15 in Axes
 54488 | Vaults:5 | Identified the +7 rapier "Sodgham" {pierce, Str+2}
 54493 | Vaults:5 | Reached XP level 24. HP: 131/159 MP: 33/33
 55038 | Vaults:5 | Reached skill level 18 in Shields
 55228 | Vaults:5 | Got a silver rune of Zot
 55328 | Vaults:5 | Got a heavily runed amber ring
 55352 | Vaults:5 | Found the cursed necklace of Bloodlust {*Rage +Rage MR++
                  | Int-3 Slay+6 *Curse}
 55352 | Vaults:5 | Identified the ring of Tuhanux {rPois rN+ Stlth+} (You
                  | found it on level 5 of the Vaults)
 55529 | Vaults:5 | Got an ancient short sword
 56249 | Vaults:5 | Got a slimy chain mail
 56277 | Vaults:5 | Found the +3 hat of Pondering {ponderous, MR+ MP+10 Int+5}
 56465 | Vaults:5 | Got a distressingly furry leather armour
 56693 | Vaults:5 | Got a polished hat
 56694 | Vaults:5 | Identified the +2 hat "Haathr Wiun" {+Fly rPois MR-} (You
                  | found it on level 5 of the Vaults)
 56695 | Vaults:5 | Identified the cursed +1 chain mail "Moxosi" {+Blink} (You
                  | found it on level 5 of the Vaults)
 56797 | Vaults:5 | Got a warped leather armour
 57199 | D:15     | Bought the +7 ice dragon scales "Xolurch" {+Fly rF- rC++
                  | MR++ MP-9 Str+3} for 1998 gold pieces
 57231 | D:15     | You paid a toll of +7 ice dragon scales to enter a treasure
                  | trove
 57232 | Trove    | Entered a treasure trove
 57245 | Trove    | Got a scorched demon whip
 57246 | Trove    | Identified the +9 demon whip of the Briny Deep {freeze, rN+
                  | SInv} (You found it in a treasure trove)
 57255 | Trove    | Got a translucent short sword
 57260 | Trove    | Got a crude mace
 57263 | Trove    | Got a fine long sword
 57267 | Trove    | Got a translucent broad axe
 57268 | Trove    | Identified the +10 broad axe "Qiageqaimm" {elec, rPois}
                  | (You found it in a treasure trove)
 57350 | Depths:1 | Noticed a juggernaut
 57366 | Depths:1 | Reached skill level 19 in Shields
 57369 | Depths:1 | Killed a juggernaut
 57369 | Depths:1 | Reached XP level 25. HP: 52/166 MP: 33/33
 57938 | Depths:1 | Found a runed translucent door.
 57940 | Depths:1 | Noticed Zeph's ghost (adept NaFi)
 58076 | Depths:1 | Found a gateway to Hell.
 58287 | Depths:1 | Noticed a juggernaut
 58298 | Depths:1 | Killed a juggernaut
 58527 | Depths:1 | Killed Zeph's ghost
 58588 | Depths:2 | Noticed Sojobo
 58617 | Depths:2 | Killed Sojobo
 58875 | Depths:2 | Reached skill level 20 in Shields
 58920 | Depths:2 | Noticed a juggernaut
 58934 | Depths:2 | Killed a juggernaut
 59285 | Depths:2 | Reached skill level 21 in Shields
 59730 | Depths:2 | Bought a pair of glowing boots for 382 gold pieces
 59740 | Depths:2 | Identified a +2 pair of boots of running (You bought it in
                  | a shop on level 2 of the Depths)
 59986 | Depths:3 | Reached XP level 26. HP: 29/174 MP: 33/33
 59987 | Depths:3 | Killed from afar by a deep troll earth mage

Levels and vault maps discovered:
D:1:      grunt_arrival_crossed_arrows, layout_basic, serial_park_tiny_1,
          hangedman_decor_lopped, kennysheep_boxes
D:2:      layout_loops_ring, nicolae_overflow_quartered_altars,
          gammafunk_temple_overflow_claw, uniq_jessica
D:3:      layout_rooms, lemuel_blue_sif_altar
D:4:      layout_loops_ring, minmay_temple_entry_large_hall, uniq_eustachio
D:5:      layout_basic, first_ration, uniq_edmund
D:6:      layout_rooms, serial_shops, nicolae_shop_crystal
D:7:      layout_rooms, grunt_ogre_cave, kennysheep_cross_room
D:8:      layout_rooms, kennysheep_mini_moat, uniq_gastronok, uniq_grum
D:9:      layout_long_grid, lightli_temple_of_fire, serial_shops,
          nicolae_shop_crystal, uniq_harold
D:10:     layout_basic, fungi_pond_lemuel, uniq_snorg
D:11:     layout_stronghold, lair_entry_dummy, serial_column_ruins,
          column_ruins_temple_hut, column_ruins_grid_2, column_ruins_open_tiny,
          column_ruins_columns_straight, column_ruins_open_large,
          lemuel_angel_altar, uniq_nergalle, uniq_sonja
D:12:     layout_cave_pools, eino_jars, uniq_psyche
D:13:     evilmike_library_of_no_secrets, layout_grid_maze, david_vaults_1,
          st_stairs_1
D:14:     layout_cave_pods, basic_altar, chequers_serial_rivers_micro_c,
          serial_shops, kennysheep_little_box
D:15:     hangedman_depths_entry_civil_slaughter, layout_basic, enter_trove_0,
          patterned_corridor
Temple:   nicolae_temple_x_marks_the_god
Lair:1:   layout_cave_shapes, pond, grunt_megastairs_5, uniq_erica
Lair:2:   layout_cave_pods, grunt_forest_stairs_clearing
Lair:3:   gammafunk_lair_enchanted_lake, layout_gridlike,
          portal_ice_cave_entry_imps
Lair:4:   layout_hall_layers, palyth_hydra_swamp_entry,
          minmay_snake_entry_guardpost_small, lemuel_fruit_tree,
          minmay_lair_oklob_chamber, uniq_nessos
Lair:5:   layout_misc_corridors, grunt_megastairs_2
Lair:6:   minmay_lair_end_frog_pond, layout_small_grid,
          minmay_slime_entry_jelly_boxes, lemuel_fruit_fields
Swamp:1:  gammafunk_mikee_crab_dinner, layout_basic_swamp, serial_swamp_ruin,
          evilmike_swamp_ruin_house_1, evilmike_swamp_ruin_house_2, uniq_donald,
          uniq_josephine
Swamp:2:  layout_falls_marsh, evilmike_swamp_ruin_rubble_2, swamp_pool2,
          uniq_kirke
Swamp:3:  layout_falls_marsh, hangedman_swamp_cone, swamp_pool5,
          st_swamp_ruins_2
Swamp:4:  swamp, layout_basic_swamp
Snake:1:  cheibrodos_snake_ritualist_ritual, layout_grid_maze,
          hangedman_snake_corridor_cut, uniq_roxanne
Snake:2:  layout_misc_corridors
Snake:3:  layout_gridlike, special_room
Snake:4:  grunt_snake_rune_serpentine_throne, layout_rooms, serial_shops, shop,
          shop, uniq_aizul, uniq_bai_suzhen
Orc:1:    layout_caves, basic_altar, mines3_lemuel
Orc:2:    grunt_orc_tribal_feast, layout_diamond_mine, serial_shops, shop
Elf:1:    layout_loops_corners, minivault_28, onia_ninara_cookie
Elf:2:    layout_geoelf_grid, portal_desolation_entry_garden
Elf:3:    minmay_elf_hall_circle, layout_geoelf_diagonals,
          minmay_curled_crystal, minivault_23, minmay_shop_grove
Vaults:1: grunt_vaults_trifunnel, nicolae_vaults_theta, vaults_mumra_chevron,
          grunt_vaults_diagonal, grunt_vaults_funnel,
          nicolae_vaults_network_star, v_rooms_4, v_misc_32,
          hangedman_vaults_restitches, vaults_dpeg_diagonal, v_misc_8,
          vaults_room_pool, nicolae_vaults_circle_grid_b, serial_ice_h,
          v_misc_13, vaults_room_hallway, layout_vaults_big_cross
Vaults:2: ontoclasm_vaults_gateway, grunt_vaults_swirl, vaults_dpeg_hooks,
          hangedman_vaults_river_flow, v_pattern_2, vaults_dpeg_cross,
          minmay_crypt_entry_simple_round, v_misc_18,
          nicolae_vaults_circle_grid_b, hangedman_vaults_trim, v_misc_19,
          dpeg_vaults_monster_box, grunt_vaults_hallway_short,
          layout_vaults_big_room
Vaults:3: nicolae_vaults_little_squares_1, v_misc_23, st_cells, v_rooms_4,
          ontoclasm_vaults_fault, vaults_room_hallway, hangedman_vaults_impose,
          layout_vaults_omnigrid, serial_shops, shop
Vaults:4: hangedman_vaults_locks, v_misc_30, v_misc_28, hangedman_vaults_cutoff,
          nicolae_vaults_quartermaster, nicolae_vaults_alarming,
          nicolae_vaults_network_periphery, hangedman_vaults_impose, v_misc_14,
          vaults_room_fancy_cross, ontoclasm_vaults_claustrophobia,
          layout_vaults_maze_bifur, serial_shops, shop_fountains, serial_glass
Vaults:5
Depths:1: layout_roguey, grunt_decor_one_mirror, ebering_ghost_reflecting_pool,
          serial_shops, nicolae_shop_trees, grunt_hell_entry_dis_grunt,
          chequers_hall_statues_y, minmay_holes, hangedman_corner_corridor
Depths:2: minmay_the_grid_3x3 [minmay_the_grid_paths, minmay_the_grid_spikes,
          minmay_the_grid_empty, minmay_the_grid_minigrid_small_alt,
          minmay_the_grid_outer_circle, minmay_the_grid_garden,
          minmay_the_grid_fan, minmay_the_grid_large_cup,
          minmay_the_grid_prize_big_room], layout_cave_pools,
          chequers_serial_rivers_small_a, hell_entry, grunt_ministairs_10,
          uniq_sojobo
Depths:3: minmay_broken_ring, layout_long_grid, ziggurat_fallback,
          corexii_corridor_pit, serial_sigils, serial_sigils_hangedman_scratch,
          serial_sigils_hangedman_leer, serial_sigils_hangedman_quiver,
          serial_sigils_hangedman_writhe, serial_sigils_hangedman_confine,
          serial_sigils_hangedman_snap, rand_demon_pan_entry_3, abyss_entry,
          pf_coc_iceberg, uniq_boris

Skill      XL: |  1  2  3  4  5  6  7  8  9 10 11 12 13 14 15 16 17 18 19 20 21 22 23 24 25 |
---------------+----------------------------------------------------------------------------+-----
Fighting       | 3 7 9 11 14 15 16 17 18 19 20 | 20.0
Axes           | 1 2 3 4 5 6 7 10 13 14 15 16 | 16.1
Shields        | 1 3 5 7 12 14 15 16 17 19 21 | 21.6
Armour         | 6 9 11 14 15 17 18 19 20 | 20.0
Dodging        | 2 5 6 11 | 11.0
Maces & Flails | 8 11 15 | 15.0
Evocations     | 7 13 | 13.8
Throwing       | |  3.6
Stealth        | |  1.1

Action                   |  1- 3 |  4- 6 |  7- 9 | 10-12 | 13-15 | 16-18 | 19-21 | 22-24 | 25-27 || total
-------------------------+-------+-------+-------+-------+-------+-------+-------+-------+-------++-------
Melee: Short sword       |    52 |       |       |       |       |       |       |       |       ||    52
       Hand axe          |    49 |    76 |       |   193 |   926 |    63 |       |       |       ||  1307
       Broad axe         |       |   142 |   518 |   648 |   313 |       |   202 |  1050 |   394 ||  3267
       Flail             |       |       |       |    20 |       |       |       |       |       ||    20
       Mace              |       |       |       |       |    58 |       |       |       |       ||    58
       Eveningstar       |       |       |       |       |   190 |  1661 |  1937 |   500 |       ||  4288
Throw: Throwing net      |     1 |       |     1 |       |       |       |       |       |       ||     2
       Javelin           |       |     2 |     1 |     3 |     2 |       |       |       |       ||     8
Invok: Potion Petition   |       |       |       |       |     2 |     1 |       |     1 |       ||     4
       Call Merchant     |       |       |       |       |       |     6 |     1 |     4 |     1 ||    12
 Abil: Fly               |       |       |       |       |     1 |       |       |       |     1 ||     2
       Stop Flying       |       |       |       |       |       |       |       |     1 |       ||     1
Evoke: Wand              |       |       |       |     4 |     1 |     5 |     6 |     2 |       ||    18
       Lamp of fire      |       |       |       |       |       |     2 |     1 |       |       ||     3
  Use: Scroll            |       |     2 |     2 |     8 |     9 |     4 |     7 |    18 |     1 ||    51
       Potion            |       |       |       |    10 |     3 |     5 |     2 |     6 |     3 ||    29
 Stab: Sleeping          |     1 |       |       |       |       |       |       |       |       ||     1
       Distracted        |       |       |     1 |     4 |     7 |    13 |    25 |    16 |     7 ||    73
       Confused          |       |       |       |       |       |       |     6 |       |       ||     6
  Eat: Chunk             |       |     4 |       |       |       |       |       |       |       ||     4
       Ration            |       |     3 |     9 |    10 |    11 |    10 |    11 |    12 |     3 ||    69
Armor: Leather armour    |    46 |    21 |       |       |       |       |       |       |       ||    67
       Ring mail         |       |    91 |   227 |   140 |       |       |       |       |       ||   458
       Plate armour      |       |       |       |   530 |   525 |       |       |       |       ||  1055
       Skin              |       |       |       |    33 |       |       |       |       |       ||    33
       Crystal plate arm |       |       |       |       |   368 |   746 |   951 |   178 |       ||  2243
       Chain mail        |       |       |       |       |       |       |       |   373 |    98 ||   471
Dodge: Dodged            |    67 |   109 |   149 |   260 |   317 |   636 |   816 |   561 |   122 ||  3037
Block: Shield            |       |    25 |   462 |   875 |  1281 |  1798 |  1739 |       |       ||  6180
       Reflection        |       |       |    17 |    20 |    26 |   127 |    67 |   102 |       ||   359
       Large shield      |       |       |       |       |       |       |   125 |  1697 |   295 ||  2117
